 Dungeon Crawl Stone Soup version 0.31-a0-1074-g0b22e4e0f1 (webtiles) character file.

Game seed: 11199259637187058777

55 gr3g the Sneak (level 3, -3/30 HPs)
             Began as a Ghoul Brigand on Nov 27, 2023.
             Slain by an ogre
             ... wielding a +0 giant club
              (17 damage)
             ... on level 4 of the Dungeon.
             The game lasted 00:17:34 (1281 turns).

gr3g the Sneak (Ghoul Brigand)                      Turns: 1281, Time: 00:17:35

Health: -3/30      AC:  3    Str: 16    XL:     3   Next: 93%
Magic:  2/2        EV: 11    Int: 10    God:
Gold:   60         SH:  0    Dex: 10    Spells: 2/2 levels left

rFire   . . .        o - +0 mace
rCold   + . .        (no shield)
rNeg    + + +        b - +0 robe
rPois   ∞            (no helmet)
rElec   .            c - +0 cloak
rCorr   .            (no gloves)
SInv    .            (no boots)
Will    .....        (no amulet)
Stlth   +++          (no ring)
HPRegen 0.00/turn    (no ring)
MPRegen 0.08/turn

%: no passive effects
@: inhibited regen
A: claws 1, cold resistance 1, negative energy resistance 3, inhibited
regeneration, torment resistance 2, devour on kill
a: no special abilities


You were on level 4 of the Dungeon.
You visited 1 branch of the dungeon, and saw 4 of its levels.

You collected 60 gold pieces.

Inventory:

Hand Weapons
 a - a +2 dagger
 o - a +0 mace (weapon)
 p - a +0 flail
Missiles
 d - 9 poisoned darts (quivered)
 e - 3 curare-tipped darts
Armour
 b - a +0 robe (worn)
 c - a +0 cloak (worn)
Scrolls
 f - a scroll of vulnerability {unknown}
 l - a scroll of identify {unknown}
Potions
 g - a potion of attraction {unknown}
 h - a potion of might {unknown}
 i - a potion of enlightenment {unknown}
 j - a potion of curing {unknown}
 k - 2 potions of haste {unknown}
 m - a potion of mutation {unknown}
 n - a potion of resistance {unknown}


   Skills:
 + Level 2.4 Fighting
 + Level 2.1 Short Blades
 + Level 2.0 Throwing
 + Level 1.4 Dodging
 + Level 5.4 Stealth


You had 2 spell levels left.
You didn't know any spells.
Your spell library was empty.

Dungeon Overview and Level Annotations

Branches:
Dungeon (4/15)             Temple (0/1) D:4

Altars:

Shops:
D:4 ?


Innate Abilities, Weirdness & Mutations

You are immune to poison.
You have sharp fingernails.
Your flesh is cold resistant. (rC+)
You are immune to negative energy. (rN+++)
You do not regenerate when monsters are visible.
You are immune to unholy pain and torment.
You thrive by killing the living.


Message History

Found a stone staircase leading up.
There is a stone staircase leading up here.
Found a mace.
You see here a +0 mace.
You see here a +0 mace.
You are now empty-clawed.
HP restored.
You see here a +0 mace.
a - a +2 dagger (weapon)
You see here a +0 mace.
o - a +0 mace
o - a +0 mace (weapon)
Found a golden potion.
k - 2 golden potions (gained 1)
Found 9 gold pieces.
Found a staircase to the Ecumenical Temple.
An orc and an endoplasm come into view.
The orc shouts!
You hit the endoplasm.
The endoplasm is severely wounded.
The endoplasm hits you.
You sock the endoplasm!
You kill the endoplasm!
You feel better. The orc misses you.
You sock the orc!
You kill the orc!
You see here a +0 flail.
You see here a +0 flail.
p - a +0 flail You now have 60 gold pieces (gained 9).
There is a staircase to the Ecumenical Temple here.
The ogre shouts!
The ogre hits you with a +0 giant club!
Ouch! That really hurt!
You sock the ogre!
The ogre is moderately wounded.
The ogre hits you with a +0 giant club!
Ouch! That really hurt!
You die...

#......# ###..##...# #.
#......# #....##...# #.
#......# #.#.###...####.
#......# #.#.......##...
#......# #.#######.##.##
##.##.## #.#######.##.#
#.##.# #.........##.#
#.##.######..#####.....#
#..#...O@....# #.###.#
##.#########.# #.# ###
#.# #.# #.# #.# #.# #.#
#.# #.#####.# #.#
#.......# #<# #########
###


You could see an ogre.

Vanquished Creatures
  3 adders
  An orc (D:4)
  6 endoplasms
  2 giant cockroaches (D:1)
  A goblin (D:1)
  3 jackals (D:1)
  2 kobolds
  2 quokkas (D:1)
  2 ball pythons
  2 frilled lizards
  2 rats
26 creatures vanquished.

Notes
Turn   | Place    | Note
-------+----------+-------------------------------------------
     0 | D:1      | gr3g the Ghoul Brigand began the quest for the Orb.
     0 | D:1      | Reached XP level 1. HP: 17/17 MP: 0/0
   241 | D:1      | Reached XP level 2. HP: 9/24 MP: 1/1
   459 | D:1      | Reached skill level 1 in Dodging
   681 | D:2      | Found a faded altar of an unknown god.
   877 | D:2      | Reached skill level 5 in Stealth
   877 | D:2      | Reached XP level 3. HP: 19/30 MP: 2/2
  1047 | D:4      | Noticed a sky beast
  1053 | D:4      | Found Oschamesch's Magic Scroll Boutique.
  1072 | D:4      | Noticed an ogre
  1174 | D:4      | Found a staircase to the Ecumenical Temple.
  1281 | D:4      | Slain by an ogre

Illustrated notes

Levels and vault maps discovered:
D:1:      dpeg_arrival_stone_temple_mockup, layout_basic, minmay_lizard_king
D:2:      layout_rooms, nicolae_ecumenical_oubliette, uniq_natasha,
          uniq_crazy_yiuf_cottage
D:3:      wander_river, layout_basic, grunt_ministairs_9
D:4:      layout_basic, minmay_temple_entry_stoned_glass, serial_shops, shop,
          dk_noncrumbling_3, minmay_misc_feat_five, uniq_robin, uniq_menkaure

Skill      XL: |  1  2  3 |
---------------+----------+-----
Dodging        | 1 |  1.4
Throwing       | 2 |  2.0
Stealth        | 5 |  5.4
Short Blades   | 2 |  2.1
Fighting       | |  2.4

Action                     || total
---------------------------++-------
  Melee: Dagger            ||   119
         Punch             ||     2
         Mace              ||     4
   Stab: Sleeping          ||     6
 Armour: Robe              ||    74
  Dodge: Dodged            ||    75

Table legend: (Time is in decaauts)
 A = Elapsed time spent in this place.
 B = Non-inter-level travel time spent in this place.
 C = Inter-level travel time spent in this place.
 D = Time resting spent in this place.
 E = Time spent auto-exploring this place.
 F = Levels seen in this place.
 G = Mean time per level.
                   A        B        C        D        E       F      G
               +--------+--------+--------+--------+--------+-----+--------+
         Total |   1268 |    271 |    997 |      0 |      0 |   4 |  317.0 |
       Dungeon |   1268 |    271 |    997 |      0 |      0 |   4 |  317.0 |
               +--------+--------+--------+--------+--------+-----+--------+

Top non-repeatable levels by time:
     D:1: 806 daAuts
     D:4: 233 daAuts
     D:2: 164 daAuts
     D:3: 64 daAuts
